 Dungeon Crawl Stone Soup version 0.29.1-14-g9c671dbff4 (webtiles) character file.

Game seed: 17593939129393888800

1367 KittyFluff the Twirler (level 8, -5/76 HPs)
             Began as a Gargoyle Berserker on Feb 16, 2023.
             Was a Believer of Trog.
             Slain by a two-headed ogre
             ... wielding a +0 giant spiked club
              (7 damage)
             ... on level 6 of the Dungeon.
             The game lasted 00:22:27 (4794 turns).

KittyFluff the Twirler (Gargoyle Berserker)         Turns: 4794, Time: 00:22:27

Health: -5/76      AC: 11    Str: 21    XL:     8   Next: 65%
Magic:  2/5        EV: 16    Int: 10    God:    Trog [**....]
Gold:   34         SH:  0    Dex: 11    Spells: 7/7 levels left

rFire   + + .      SeeInvis .   e - +10 quarterstaff of the Ghost {antimagic, rF++ Int+2}
rCold   + . .      Faith    .   (shield currently unavailable)
rNeg    + . .      Spirit   .   i - +0 leather armour
rPois   ∞          Reflect  .   (no helmet)
rElec   +          Harm     .   (no cloak)
rCorr   .          Rampage  .   d - +2 pair of gloves {infuse}
Will    .....                   (no boots)
Stlth   ..........              (no amulet)
HPRegen 0.22/turn               x - ring of magical power
MPRegen 0.09/turn               J - +4 ring of evasion

@: berserking, very quick
A: sickness immunity, AC +5, negative energy resistance 1, electricity
resistance, torment resistance 1, petrification resistance, cold resistance 1,
deformed body
a: Renounce Religion, Berserk, Trog's Hand


You were on level 6 of the Dungeon.
You worshipped Trog.
Trog was pleased with you.
You visited 1 branch of the dungeon, and saw 6 of its levels.

You collected 264 gold pieces.
You spent 230 gold pieces at shops.

Inventory:

Hand Weapons
 a - a +0 mace
 e - the +10 quarterstaff of the Ghost (weapon) {antimagic, rF++ Int+2}
   (You found it on level 2 of the Dungeon)

   It reduces the magical energy of the wielder, and disrupts the spells and
   magical abilities of those it strikes.
   Natural abilities and divine invocations are not affected.
   Int:       It affects your intelligence (+2).
   rF:        It greatly protects you from fire.
 s - a +0 flail
 t - a +0 sling
 v - a +0 vampiric spear
Missiles
 c - 5 throwing nets
 k - 8 boomerangs (quivered)
 B - 9 stones
 E - 6 poisoned darts
Armour
 d - a +2 pair of gloves of infusion (worn)
 i - a +0 leather armour (worn)
 q - a +3 ring mail of positive energy
 y - a +1 robe of fire resistance
 G - a +0 kite shield
Jewellery
 p - a ring of ice
 x - a ring of magical power (left hand)
 A - a ring of protection from cold
 J - a +4 ring of evasion (right hand)
Wands
 n - a wand of flame (13)
Scrolls
 f - 2 scrolls of immolation {unknown}
 g - 7 scrolls of teleportation {unknown}
 h - a scroll of enchant armour {unknown}
 u - a scroll of torment {unknown}
 C - a scroll of poison {unknown}
 F - a scroll of brand weapon {unknown}
 I - a scroll of identify
Potions
 b - 2 potions of ambrosia
 j - a potion of resistance
 m - 2 potions of cancellation
 r - 2 potions of curing
 w - 3 potions of attraction {unknown}
 z - a potion of flight {unknown}
 D - 3 potions of heal wounds {unknown}
 H - 2 potions of might {unknown}
 K - a potion of lignification {unknown}


   Skills:
 + Level 5.8 Fighting
 + Level 3.8(5.7) Maces & Flails
 + Level 6.4(7.0) Staves
 * Level 5.5 Armour
 + Level 3.0 Dodging
 + Level 2.0 Stealth


You had 7 spell levels left.
You didn't know any spells.
Your spell library was empty.

Dungeon Overview and Level Annotations

Branches:
Dungeon (6/15)             Temple (0/1) D:4

Altars:
Dithmenos
Nemelex Xobeh
Wu Jian
Yredelemnul

Shops:
D:5 !*[[


Innate Abilities, Weirdness & Mutations

You are immune to sickness and miasma.
Your stone body is resilient. (AC +5)
You are immune to poison.
You resist negative energy. (rN+)
You are resistant to electric shocks. (rElec)
You are resistant to unholy torment.
You are immune to petrification.
Your flesh is cold resistant. (rC+)
Armour fits poorly on your strangely shaped body.


Message History

You open the door.
There is an open door here.
As you open the door, it creaks loudly!
Found a stone staircase leading up.
Found 2 throwing nets.
There is an open door here.
c - 5 throwing nets (gained 2)
You open the door.
There is an open door here.
There is an open door here.
There is a stone staircase leading up here.
Found 6 stones.
Found a scroll labelled COURAB DITT.
A two-headed ogre comes into view.
It is wielding a +0 giant spiked club and a +0 giant club.
The two-headed ogre shouts in stereo!
A sky beast comes into view.
You see here 6 stones.
You hit the two-headed ogre.
The two-headed ogre is lightly wounded.
The two-headed ogre hits you with a +0 giant spiked club!!
The two-headed ogre hits you with a +0 giant club!
A red film seems to cover your vision as you go berserk!
You feel yourself moving faster!
You feel mighty! The sky beast barely misses you.
You barely miss the two-headed ogre.
The two-headed ogre is lightly wounded.
The two-headed ogre hits you with a +0 giant spiked club!
* * * LOW HITPOINT WARNING * * *
The two-headed ogre hits you with a +0 giant club!
* * * LOW HITPOINT WARNING * * *
You sock the two-headed ogre!
The two-headed ogre is moderately wounded.
The sky beast hits you but does no damage.
You bludgeon the two-headed ogre!!
The two-headed ogre is severely wounded.
You barely miss the two-headed ogre.
The two-headed ogre is severely wounded.
The two-headed ogre barely misses you.
The two-headed ogre hits you with a +0 giant club!
You die...

#...........#.....#.........
#...........####..#.........
#.....##'####.........###...
#.....#..#......####....+...
#.....#..#....###..###..#...
#.....#.###..##.... #.#...
###########......# .....
#....?..## ... #..@O...# ..
##.Y.....# ###.##.... ...
##.. ... ## .#.. .#...
.#...#


You could see a two-headed ogre and a sky beast.

Vanquished Creatures
  Sigmund (D:4)
  Eustachio (D:4)
  Menkaure (D:4)
  2 ogres
  A phantom (D:5)
  Blork the orc (D:5)
  A necrophage (D:4)
  A gnoll sergeant (D:5)
  4 scorpions (D:5)
  An iguana (D:5)
  2 orc wizards
  7 gnolls
  7 adders
  A shadow imp (D:4)
  3 dart slugs
  9 orcs
  A bat (D:3)
  4 endoplasms
  6 goblins
  5 hobgoblins
  A quokka (D:5)
  3 ball pythons
  A frilled lizard (D:2)
  6 kobolds
  2 rats
72 creatures vanquished.

Notes
Turn   | Place    | Note
-------+----------+-------------------------------------------
     0 | D:1      | KittyFluff the Gargoyle Berserker began the quest for the
                  | Orb.
     0 | D:1      | Reached XP level 1. HP: 14/14 MP: 1/1
   286 | D:1      | Reached XP level 2. HP: 14/19 MP: 0/2
   681 | D:2      | Identified the +10 quarterstaff of the Ghost {antimagic,
                  | rF++ Int+2}
  1163 | D:2      | Reached XP level 3. HP: 14/24 MP: 1/3
  1169 | D:2      | Reached skill level 1 in Staves
  1172 | D:2      | Reached XP level 4. HP: 12/29 MP: 0/4
  2027 | D:3      | Found a faded altar of an unknown god.
  2077 | D:3      | Reached XP level 5. HP: 34/34 MP: 0/5
  2300 | D:3      | Reached ** piety under Trog
  2563 | D:4      | Noticed Eustachio
  2576 | D:4      | Killed Eustachio
  2577 | D:4      | Reached skill level 2 in Staves
  2577 | D:4      | Reached XP level 6. HP: 22/39 MP: 0/6
  2726 | D:4      | Reached skill level 3 in Staves
  2771 | D:4      | Found a shadowy altar of Dithmenos.
  2777 | D:4      | Noticed Sigmund
  2783 | D:4      | Killed Sigmund
  2784 | D:4      | Reached skill level 5 in Fighting
  2784 | D:4      | Reached skill level 4 in Staves
  2784 | D:4      | Reached skill level 1 in Stealth
  2784 | D:4      | Reached XP level 7. HP: 39/44 MP: 2/7
  2906 | D:4      | Found a staircase to the Ecumenical Temple.
  3046 | D:4      | Found a sparkling altar of Nemelex Xobeh.
  3046 | D:4      | Found an ornate altar of the Wu Jian Council.
  3046 | D:4      | Found a basalt altar of Yredelemnul.
  3124 | D:5      | Entered Level 5 of the Dungeon
  3343 | D:5      | Noticed Menkaure
  3349 | D:4      | Killed Menkaure
  3350 | D:4      | Reached skill level 5 in Staves
  3566 | D:5      | Found Saciol's Distillery.
  3591 | D:5      | Found Ubya's Assorted Antiques.
  3627 | D:5      | Found Tiqushoo's Armour Shoppe.
  3665 | D:5      | Found Rommel's Armour Shoppe.
  3683 | D:5      | Reached XP level 8. HP: 38/49 MP: 0/8
  3689 | D:5      | Reached skill level 5 in Armour
  3730 | D:5      | Noticed Blork the orc
  3737 | D:5      | Killed Blork the orc
  4153 | D:5      | Reached skill level 6 in Staves
  4368 | D:5      | Identified the +11 short sword of the Loving Gods {vorpal,
                  | rPois Int+4}
  4504 | D:5      | Gained mutation: Armour fits poorly on your strangely
                  | shaped body. [potion of mutation]
  4504 | D:5      | Gained mutation: Your flesh is cold resistant. (rC+)
                  | [potion of mutation]
  4531 | D:5      | Bought a +3 ring mail of positive energy for 230 gold
                  | pieces
  4786 | D:6      | Noticed a two-headed ogre
  4791 | D:6      | HP: 2/76 [two-headed ogre/+0 giant spiked club (16)]
  4794 | D:6      | Slain by a two-headed ogre

Illustrated notes

Levels and vault maps discovered:
D:1:      psy_arrival_fountain, layout_basic
D:2:      layout_loops_ring
D:3:      layout_basic, nicolae_ecumenical_lake_church, kennysheep_jessica_study
D:4:      layout_rooms, gammafunk_temple_overflow_claw,
          nicolae_overflow_crystal_walls, minmay_temple_entry_poolview,
          uniq_eustachio, uniq_sigmund
D:5:      layout_basic, serial_shops, nicolae_shop_waterfront, shop,
          nicolae_shop_statue_plus, shop, minivault_5, minmay_circle_x,
          uniq_blork_the_orc, uniq_menkaure
D:6:      layout_gridville, ebering_ghost_gozag, minmay_misc_feat_pillars,
          skrybe_limestone_x, minmay_misc_feat_iff, minmay_hedge_maze,
          uniq_maggie

Skill      XL: |  1  2  3  4  5  6  7  8 |
---------------+-------------------------+-----
Fighting       | 4 5 |  5.8
Staves         | 1 2 4 5 6 |  6.4
Armour         | 3 4 5 |  5.5
Dodging        | 2 3 |  3.0
Stealth        | 1 2 |  2.0
Maces & Flails | |  3.8

Action                   |  1- 3 |  4- 6 |  7- 9 || total
-------------------------+-------+-------+-------++-------
Melee: Mace              |    34 |       |       ||    34
       Quarterstaff      |    17 |    48 |    75 ||   140
Throw: Boomerang         |       |     1 |       ||     1
Invok: Berserk           |     1 |       |     1 ||     2
  Use: Scroll            |     4 |     2 |     1 ||     7
       Potion            |       |       |     1 ||     1
 Stab: Sleeping          |       |       |     1 ||     1
Armor: Animal skin       |    11 |       |       ||    11
       Leather armour    |     2 |    13 |    23 ||    38
Dodge: Dodged            |    32 |    21 |    43 ||    96
